Workbook

Sheet Summary
A4: HEARTH Treasurer's Report - Summary | G4: Month | M4: Year-to-date | Q4: 2021-2022 | S4: 2013-2014 | T4: 2014-2015
A5: 44501 | E5: June 22 Actual | G5: June 22 Budget | I5: Over/(Under) Budget | K5: June YTD Actual | M5: June YTD Budget | O5: Over/(Under) Budget | Q5: Annual Budget | S5: Stretch Forecast | T5: Projected
B6: Income
C7: Individual | E7: =Detail!E6+Detail!E9+Detail!E8+Detail!E7 -> 7042.36 | G7: =Detail!G6+Detail!G7 -> 16250 | I7: =E7-G7 -> -9207.64 | K7: =Detail!K6+Detail!K7+Detail!K8+Detail!K9 -> 219892.04 | M7: =Detail!M6+Detail!M8+Detail!M7+Detail!M9 -> 235000
C8: United Way | E8: =Detail!E10 -> 1125.17 | G8: =Detail!G10 -> 1083.3333 | I8: =E8-G8 -> 41.836667 | K8: =Detail!K10 -> 15727.76 | M8: =Detail!M10 -> 13000 | S8: =Detail!T10 -> 20000 | T8: 15000
C9: Individuals Total | E9: =SUM(E7:E8) -> 8167.53 | G9: =Detail!G13 -> 26916.667 | I9: =E9-G9 -> -18749.137 | K9: =K7+K8 -> 235619.8 | M9: =SUM(M7:M8) -> 248000 | O9: =K9-M9 -> -12380.2 | Q9: =Detail!Q13 -> 248000 | S9: =Detail!T13 -> 60000 | T9: =Detail!S13 -> 72100
C10: Businesses | E10: =Detail!E14 -> 250 | G10: =Detail!G14 -> 2083.3333 | I10: =E10-G10 -> -1833.3333 | K10: =Detail!K14 -> 29056.83 | M10: =Detail!M14 -> 25000 | O10: =K10-M10 -> 4056.83 | Q10: =Detail!Q14 -> 25000 | S10: =Detail!T14 -> 7500 | T10: 6000
C11: Kennywood | E11: =Detail!E16 -> 0 | G11: =Detail!G16 -> 0 | I11: =E11-G11 -> 0 | K11: =Detail!K16 -> 0 | M11: =Detail!M16 -> 0 | O11: =K11-M11 -> 0 | Q11: =Detail!Q16 -> 0 | S11: 4000 | T11: 4000
C12: Foundations | E12: =Detail!E15 -> 12079 | G12: =Detail!G15 -> 17500 | I12: =E12-G12 -> -5421 | K12: =Detail!K15 -> 228143.04 | M12: =Detail!M15 -> 210000 | O12: =K12-M12 -> 18143.04 | Q12: =Detail!Q15 -> 210000 | S12: 87000 | T12: 100000
C13: Organizations | E13: =Detail!E17 -> 2884 | G13: =Detail!G17 -> 1125 | I13: =E13-G13 -> 1759 | K13: =Detail!K17 -> 22474.27 | M13: =Detail!M17 -> 13500 | O13: =K13-M13 -> 8974.27 | Q13: =Detail!Q17 -> 13500 | S13: =Detail!T17 -> 6665 | T13: 6000
C14: Religious Organizations | E14: =Detail!E18 -> 0 | G14: =Detail!G18 -> 0 | I14: =E14-G14 -> 0 | K14: =Detail!K18 -> 0 | M14: =Detail!M18 -> 0 | O14: =K14-M14 -> 0 | Q14: =Detail!Q18 -> 0 | S14: =Detail!T18 -> 1800 | T14: =Detail!T18 -> 1800
C15: State Grants | E15: =Detail!E28 -> 10768 | G15: =Detail!G27 -> 4166.6667 | I15: =E15-G15 -> 6601.3333 | K15: =Detail!K28 -> 337176 | M15: =Detail!M27 -> 50000 | O15: =K15-M15 -> 287176 | Q15: 50000
C16: HUD Reimbursements | E16: =Detail!E23 -> 0 | G16: =Detail!G23 -> 0 | I16: =E16-G16 -> 0 | K16: =Detail!K23 -> 408 | M16: =Detail!M23 -> 0 | O16: =K16-M16 -> 408 | Q16: =Detail!Q23 -> 0 | S16: =Detail!T22 -> 423787 | T16: 427962
C17: ESG Reimbursements | E17: =Detail!E24 -> 0 | G17: =Detail!G24 -> 0 | I17: =E17-G17 -> 0 | K17: =Detail!K24 -> 0 | M17: =Detail!M24 -> 0 | O17: =K17-M17 -> 0 | Q17: =Detail!Q24 -> 0 | S17: =Detail!T23 -> 25000 | T17: 22000
C18: PRIDE-Reimbursed Rent | E18: =Detail!E30 -> 0 | G18: =Detail!G30 -> 0 | I18: =E18-G18 -> 0 | K18: =Detail!K30 -> 0 | M18: =Detail!M30 -> 0 | O18: =K18-M18 -> 0 | Q18: =Detail!Q30 -> 0 | S18: =Detail!T29 -> 71402 | T18: 78028
C19: Boiler Bldg Rent | E19: =Detail!E31 -> 0 | G19: =Detail!G31 -> 0 | I19: =E19-G19 -> 0 | K19: =Detail!K31 -> 0 | M19: =Detail!M31 -> 0 | O19: =K19-M19 -> 0 | S19: =Detail!T30 -> 14000 | T19: 10000
C20: Supportive Svcs from H@BW | E20: =Detail!E32 -> 0 | G20: =Detail!G37 -> 0 | I20: =E20-G20 -> 0 | K20: =Detail!K32 -> 0 | M20: =Detail!M32 -> 1350 | O20: =K20-M20 -> -1350 | Q20: =Detail!Q32 -> 1350 | S20: =Detail!T31 -> 1326 | T20: 1350
C21: Other Income | E21: =Detail!E42 -> 25573.41 | G21: =Detail!G39+Detail!G40+Detail!G41+Detail!G32+Detail!G38 -> 19204.333 | I21: =E21-G21 -> 6369.0767 | K21: =Detail!K42 -> 330558.68 | M21: =Detail!M42 -> 229102 | O21: =K21-M21 -> 101456.68 | Q21: =Detail!Q42 -> 359102 | S21: =Detail!T41 -> 31208.89 | T21: =118682+269 -> 118951
C22: Wine Bag Sales | E22: =Detail!E46 -> 0 | G22: =Detail!G46 -> 0 | I22: =E22-G22 -> 0 | K22: =Detail!K46 -> 0 | M22: =Detail!M46 -> 0 | O22: =K22-M22 -> 0 | Q22: 0 | S22: =Detail!T45 -> 75 | T22: 455
C23: 3rd Party Events | E23: =Detail!E45 -> 0 | G23: =Detail!G45 -> 1250 | I23: =E23-G23 -> -1250 | K23: =Detail!K45 -> 1080.94 | M23: =Detail!M45 -> 15000 | O23: =K23-M23 -> -13919.06 | Q23: 15000
C24: Wine & Food | E24: =Detail!E47 -> 0 | G24: =Detail!G47 -> 4583.3333 | I24: =E24-G24 -> -4583.3333 | K24: =Detail!K47 -> 93640.07 | M24: =Detail!M47 -> 55000 | O24: =K24-M24 -> 38640.07 | Q24: =Detail!Q47 -> 55000 | S24: =Detail!T46 -> 58000 | T24: 53882
C25: Golf | E25: =Detail!E48 -> 20419.58 | G25: =Detail!G48 -> 4166.6667 | I25: =E25-G25 -> 16252.913 | K25: =Detail!K48 -> 53415 | M25: =Detail!M48 -> 50000 | O25: =K25-M25 -> 3415 | Q25: =Detail!Q48 -> 50000 | S25: =Detail!T47 -> 54000 | T25: 45000
C26: Purses with Purpose | E26: =Detail!E49 -> 0 | G26: =Detail!G49 -> 4166.6667 | I26: =E26-G26 -> -4166.6667 | K26: =Detail!K49 -> 66619.97 | M26: =Detail!M49 -> 50000 | O26: =K26-M26 -> 16619.97 | Q26: =Detail!Q49 -> 50000 | S26: =Detail!T48 -> 29000 | T26: 35229
C27: Hops for HEARTH | E27: =Detail!E50 -> 0 | G27: =Detail!G50 -> 2416.6667 | I27: =E27-G27 -> -2416.6667 | K27: =Detail!K50 -> -2680.48 | M27: =Detail!M50 -> 29000 | O27: =K27-M27 -> -31680.48 | Q27: =Detail!Q50 -> 29000 | S27: =Detail!T49 -> 15000 | T27: 17000
C28: Christmas Trees - Holiday Feb orations | E28: =Detail!E51 -> 0 | G28: 0 | I28: =E28-G28 -> 0 | K28: =Detail!K51 -> 0 | O28: =K28-M28 -> 0 | Q28: 0 | S28: =Detail!T50 -> 845 | T28: 0
C29: 25th Anniversary Event | E29: =Detail!E44 -> 0 | G29: =Detail!G44 -> 0 | I29: =E29-G29 -> 0 | K29: =Detail!K44 -> 0 | M29: =Detail!M44 -> 0 | O29: =K29-M29 -> 0 | Q29: 0
C30: Associate Board Fundraiser | E30: =Detail!E52 -> 0 | G30: =Detail!G52 -> 16.666667 | I30: =E30-G30 -> -16.666667 | K30: =Detail!K52 -> 117.26 | M30: =Detail!M52 -> 200 | O30: =K30-M30 -> -82.74 | Q30: =Detail!Q52 -> 200 | S30: =Detail!T51 -> 1633 | T30: 975
C31: Program Income | E31: =Detail!E55 -> 6533.7 | G31: =Detail!G55 -> 2000 | I31: =E31-G31 -> 4533.7 | K31: =Detail!K55 -> 42461.84 | M31: =Detail!M55 -> 24000 | O31: =K31-M31 -> 18461.84 | Q31: =Detail!Q55 -> 24000 | S31: =Detail!T54 -> 25000 | T31: =Detail!S54 -> 33000
B32: Total Income | E32: =E9+E10+E11+E12+E13+E19+E20+E21+E22+E24+E25+E26+E27+E28+E30+E31+E15+E29+E23 -> 86675.22 | G32: =G9+G10+G11+G12+G13+G19+G20+G21+G22+G24+G25+G26+G27+G28+G30+G31+G15+G29+G23 -> 89596 | I32: =I9+I10+I11+I12+I13+I19+I20+I21+I22+I24+I25+I26+I27+I28+I30+I31+I15+I29+I23 -> -2920.78 | K32: =K9+K10+K11+K12+K13+K19+K20+K21+K22+K24+K25+K26+K27+K28+K30+K31+K15+K29+K23 -> 1437683.2 | M32: =M9+M10+M11+M12+M13+M19+M20+M21+M22+M24+M25+M26+M27+M28+M30+M31+M15+M29+M23 -> 1000152 | O32: =K32-M32 -> 437531.22 | Q32: =Q9+Q10+Q11+Q12+Q13+Q19+Q20+Q21+Q22+Q24+Q25+Q26+Q27+Q30+Q31+Q8+Q29+Q23+Q15 -> 1130152 | S32: =SUM(S9:S31) -> 917241.89 | T32: =SUM(T9:T31) -> 1033732
B33: Expenses
D34: Total Admin | E34: =Detail!E78 -> 9345.13 | G34: =Detail!G78 -> 4851.6667 | I34: =E34-G34 -> 4493.4633 | K34: =Detail!K78 -> 72639.5 | M34: =Detail!M78 -> 58220 | O34: =K34-M34 -> 14419.5 | Q34: =Detail!Q78 -> 58220 | S34: =Detail!T77 -> 36727 | T34: =Detail!S77 -> 39600
D36: Total Operations | E36: =Detail!E88 -> 1061.59 | G36: =Detail!G88 -> 2362.5 | I36: =E36-G36 -> -1300.91 | K36: =Detail!K88 -> 46029.07 | M36: =Detail!M88 -> 28350 | O36: =K36-M36 -> 17679.07 | Q36: =Detail!Q88 -> 28350 | S36: =Detail!T87 -> 25150 | T36: =Detail!S87 -> 25450
D38: Total Building | E38: =Detail!E116 -> 31709.615 | G38: =Detail!G116 -> 37711.667 | I38: =E38-G38 -> -6002.0517 | K38: =Detail!K116 -> 395296.68 | M38: =Detail!M116 -> 452540 | O38: =K38-M38 -> -57243.32 | Q38: =Detail!Q116 -> 452540 | S38: =Detail!T115 -> 281124 | T38: =Detail!S115 -> 367886
D40: Total Program | E40: =Detail!E150 -> 8350.76 | G40: =Detail!G150 -> 4825 | H40: 0 | I40: =E40-G40 -> 3525.76 | J40: 0 | K40: =Detail!K150 -> 83170.44 | M40: =Detail!M150 -> 57900 | N40: 0 | O40: =K40-M40 -> 25270.44 | P40: 0 | Q40: =Detail!Q150 -> 57900 | S40: =Detail!T148 -> 79200 | T40: =Detail!S148 -> 83880
D42: Total Development | E42: =Development!E46 -> 0 | G42: =Development!G46 -> 0 | I42: =Development!I46 -> 0 | K42: =Detail!K165 -> 23154.76 | M42: =Development!M45 -> 46700 | O42: =Development!O45 -> -7591.94 | Q42: =Development!Q45 -> 46700
D44: Total Personnel | E44: =Detail!E166 -> 58418.01 | G44: =Detail!G166 -> 59740.073 | I44: =E44-G44 -> -1322.0635 | K44: =Detail!K166 -> 590808.44 | M44: =Detail!M166 -> 716880.88 | O44: =K44-M44 -> -126072.44 | Q44: =Detail!Q166 -> 716880.88 | S44: =Detail!T164 -> 452135.8 | T44: =Detail!S164 -> 423691.38
B46: Total Expense | E46: =SUM(E34:E45) -> 108885.11 | G46: =SUM(G34:G44) -> 109490.91 | I46: =E46-G46 -> -605.80183 | K46: =SUM(K34:K44) -> 1211098.9 | M46: =SUM(M34:M44) -> 1360590.9 | O46: =SUM(O34:O44) -> -133538.69 | Q46: =SUM(Q34:Q44) -> 1360590.9 | S46: =SUM(S34:S44) -> 874336.8 | T46: =SUM(T34:T44) -> 940507.38
A47: Subtotal-Net Income before Capital Equip | E47: =SUM(E32-E46) -> -22209.885 | G47: =SUM(G32-G46) -> -19894.907 | I47: =ROUND(I32-I46,5) -> -2314.9782 | K47: =ROUND(K32-K46,5) -> 226584.33 | M47: =ROUND(M32-M46,5) -> -360438.88 | O47: =ROUND(O32-O46,5) -> 571069.91 | Q47: =ROUND(Q32-Q46,5) -> -230438.88 | S47: =ROUND(S32-S46,5) -> 42905.09 | T47: =ROUND(T32-T46,5) -> 93224.62
B49: Fixed Asset: | G49: 0 | I49: 0 | M49: 0 | Q49: 0 | S49: 0 | T49: 0
B50: Transfer of excess Operating Funds to Capital Camp. | G50: 0 | I50: =E50-G50 -> 0 | K50: 0 | M50: 0 | Q50: 0 | S50: 0 | T50: 0
A51: Net Income after Capital Equipment | E51: =E47-SUM(E49:E50) -> -22209.885 | G51: =G47-SUM(G49:G50) -> -19894.907 | I51: =I47-SUM(I49:I50) -> -2314.9782 | K51: =K47-SUM(K49:K50) -> 226584.33 | M51: =M47-SUM(M49:M50) -> -360438.88 | O51: =O47-SUM(O49:O50) -> 571069.91 | Q51: =Q47-SUM(Q49:Q50) -> -230438.88 | S51: =S47-SUM(S49:S50) -> 42905.09 | T51: =T47-SUM(T49:T50) -> 93224.62 | U51: *difference between budget and YTD budget is restatement of reimbursement between HEARTH/Benedictine Place

Sheet Detail
A2: HEARTH Treasurer's Report - Detail | G2: Month | M2: Year-to-date | Q2: 2021-2022 | S2: 2014-2015 | T2: 2013-2014
E3: June 22 Actual | G3: June 22 Budget | I3: Over/(Under) Budget | K3: June 22 YTD Actual | M3: June 22 YTD Budget | O3: Over/(Under) Budget | Q3: BUDGET | S3: Projected | T3: Stretch Forecast | U3: NOTES
B4: Income
B5: Donations:
C6: 4001 · Individual | E6: =4921.64+2120.72 -> 7042.36 | G6: =Q6/12 -> 10416.667 | I6: =E6-G6 -> -3374.3067 | K6: 138884 | M6: =G6*12 -> 125000 | O6: =SUM(K6-M6) -> 13884 | Q6: 125000 | S6: 72100 | T6: 60000
C7: 4005 · End of Year Appeal (EOY) | G7: =Q7/12 -> 5833.3333 | I7: =E7-G7 -> -5833.3333 | K7: 73700.16 | M7: =G7*12 -> 70000 | O7: =SUM(K7-M7) -> 3700.16 | Q7: 70000
C8: 4007 ·Spring Appeal | G8: =M8/2 -> 7500 | I8: =E8-G8 -> -7500 | K8: 7307.88 | M8: =Q8 -> 15000 | O8: =SUM(K8-M8) -> -7692.12 | Q8: 15000
C9: 4008 ·Community Appeal | G9: =Q9/12 -> 2083.3333 | I9: =E9-G9 -> -2083.3333 | M9: =G9*12 -> 25000 | O9: =SUM(K9-M9) -> -25000 | Q9: 25000
C10: 4070 · United Way | E10: 1125.17 | G10: =Q10/12 -> 1083.3333 | I10: =E10-G10 -> 41.836667 | K10: 15727.76 | M10: =G10*12 -> 13000 | O10: =SUM(K10-M10) -> 2727.76 | Q10: 13000 | S10: 15000 | T10: 20000
D11: Memorial Donations | G11: =Q11/12 -> 0 | I11: =E11-G11 -> 0 | M11: =G11*10 -> 0 | O11: =SUM(K11-M11) -> 0
D12: Miscellaneous Donations | G12: =Q12/12 -> 0 | M12: =G12*10 -> 0
C13: Individuals - Total | E13: =SUM(E6:E12) -> 8167.53 | G13: =SUM(G6:G12) -> 26916.667 | I13: =E13-G13 -> -18749.137 | K13: =SUM(K6:K12) -> 235619.8 | M13: =SUM(M6:M12) -> 248000 | O13: =SUM(K13-M13) -> -12380.2 | Q13: =SUM(Q6:Q10) -> 248000 | S13: =SUM(S6:S8) -> 72100 | T13: 60000
C14: 4010 · Businesses | E14: 250 | G14: =Q14/12 -> 2083.3333 | I14: =E14-G14 -> -1833.3333 | K14: 29056.83 | M14: =G14*12 -> 25000 | O14: =SUM(K14-M14) -> 4056.83 | Q14: 25000 | S14: 6000 | T14: 7500
C15: 4020 · Foundations | E15: 12079 | G15: =Q15/12 -> 17500 | I15: =E15-G15 -> -5421 | K15: =212692.96+15450.08 -> 228143.04 | M15: =G15*12 -> 210000 | O15: =SUM(K15-M15) -> 18143.04 | Q15: 210000 | S15: 100000 | T15: 87000
C16: 4025 - Kennywood | G16: =Q16/12 -> 0 | I16: =E16-G16 -> 0 | M16: =G16*12 -> 0 | O16: =SUM(K16-M16) -> 0 | Q16: 0 | S16: 4000 | T16: 4000
C17: 4030 · Organizations | E17: =1800+1084 -> 2884 | G17: =Q17/12 -> 1125 | I17: =E17-G17 -> 1759 | K17: =13680.11+8794.16 -> 22474.27 | M17: =G17*12 -> 13500 | O17: =SUM(K17-M17) -> 8974.27 | Q17: =6000+7500 -> 13500 | S17: 8000 | T17: 6665
M18: =G18*10 -> 0 | R18: =1800 -> 1800 | S18: =1800 -> 1800 | T18: =1800 -> 1800 | BS18: =1800 -> 1800 | BT18: =1800 -> 1800 | BU18: =1800 -> 1800 | BV18: =1800 -> 1800 | BW18: =1800 -> 1800 | BX18: =1800 -> 1800 | BY18: =1800 -> 1800 | BZ18: =1800 -> 1800 | ... XFD18: =1800 -> 1800
G19: =Q19/12 -> 0 | M19: =G19*10 -> 0
D20: Total Donations | E20: =SUM(E13:E19) -> 23380.53 | G20: =SUM(G13:G19) -> 47625 | H20: =SUM(H13:H19) -> 0 | I20: =E20-G20 -> -24244.47 | J20: =SUM(J13:J19) -> 0 | K20: =SUM(K13:K19) -> 515293.94 | L20: =SUM(L13:L19) -> 0 | M20: =SUM(M13:M19) -> 496500 | N20: =SUM(N13:N19) -> 0 | O20: =SUM(K20-M20) -> 18793.94 | P20: =SUM(P13:P19) -> 0 | Q20: =SUM(Q13:Q19) -> 496500 | S20: =SUM(S13:S19) -> 191900 | T20: =SUM(T13:T19) -> 166965
B21: Grants:
C22: 4100 · Grants | E22: 10768 | I22: 126000 | K22: 136768 | M22: =G22*12 -> 0 | S22: 427962 | T22: 423787 | U22: PPG Colorful Communities
C23: 4120 · HUD Reimbursements | G23: =Q23/12 -> 0 | I23: =E23-G23 -> 0 | K23: 408 | M23: =G23*12 -> 0 | O23: =SUM(K23-M23) -> 408 | Q23: 0 | S23: 22000 | T23: 25000
C24: 4121 · ESG Reimbursements | E24: 0 | G24: =Q24/12 -> 0 | I24: =E24-G24 -> 0 | K24: 0 | M24: =G24*12 -> 0 | O24: =SUM(K24-M24) -> 0 | Q24: 0
C25: 4124 - CYF | E25: 0 | G25: =Q25/12 -> 0 | I25: =E25-G25 -> 0 | K25: 0 | M25: =G25*12 -> 0 | O25: =SUM(K25-M25) -> 0
C26: 4130 · Continuum of Care Grant | E26: 0 | G26: =Q26/12 -> 0 | I26: =E26-G26 -> 0 | K26: 0 | M26: =G26*12 -> 0 | O26: =SUM(K26-M26) -> 0
C27: 4140 · State Grants | E27: 0 | G27: =Q27/12 -> 4166.6667 | I27: =E27-G27 -> -4166.6667 | K27: 200000 | M27: =G27*12 -> 50000 | O27: =SUM(K27-M27) -> 150000 | Q27: 50000 | S27: =SUM(S22:S26) -> 449962 | T27: =SUM(T22:T26) -> 448787
B28: Other Programs: | D28: Total Grants | E28: =SUM(E22:E27) -> 10768 | G28: =SUM(G23:G27) -> 4166.6667 | H28: =SUM(H23:H27) -> 0 | I28: =E28-G28 -> 6601.3333 | J28: =SUM(J23:J27) -> 0 | K28: =SUM(K22:K27) -> 337176 | L28: =SUM(L23:L27) -> 0 | M28: =SUM(M23:M27) -> 50000 | N28: =SUM(N23:N27) -> 0 | O28: =SUM(K28-M28) -> 287176 | P28: =SUM(P23:P27) -> 0 | Q28: =SUM(Q23:Q27) -> 50000
M29: =G29*12 -> 0 | S29: 78028 | T29: 71402
C30: 4150 · PRIDE-Reimbursed | E30: 0 | G30: =Q30/12 -> 0 | I30: =E30-G30 -> 0 | K30: 0 | M30: =G30*12 -> 0 | O30: =SUM(K30-M30) -> 0 | Q30: 0 | S30: 10000 | T30: 14000
C31: 4155 · PRIDE Program Fees | G31: =Q31/12 -> 0 | I31: =E31-G31 -> 0 | M31: =G31*12 -> 0 | O31: =SUM(K31-M31) -> 0 | S31: 1350 | T31: 1326
C32: 4165 · Supportive Services from BWHC | E32: 0 | G32: =Q32/12 -> 112.5 | I32: =E32-G32 -> -112.5 | K32: 0 | M32: =G32*12 -> 1350 | O32: =SUM(K32-M32) -> -1350 | Q32: 1350 | S32: =SUM(S29:S31) -> 89378 | T32: =SUM(T29:T31) -> 86728
B33: Other Income: | D33: Total Reimbursement Programs | E33: =SUM(E30:E32) -> 0 | G33: =SUM(G30:G32) -> 112.5 | H33: =SUM(H30:H32) -> 0 | I33: =E33-G33 -> -112.5 | J33: =SUM(J30:J32) -> 0 | K33: =SUM(K30:K32) -> 0 | L33: =SUM(L30:L32) -> 0 | M33: =SUM(M30:M32) -> 1350 | N33: =SUM(N30:N32) -> 0 | O33: =SUM(K33-M33) -> -1350 | P33: =SUM(P30:P32) -> 0 | Q33: =SUM(Q30:Q32) -> 1350
C35: 4210 . Miscellaneous | I35: =E35-G35 -> 0 | M35: =G35*12 -> 0 | O35: =SUM(K35-M35) -> 0 | Q35: 130000 | S35: 86119 | T35: 3870.89 | U35: PPP loan 2021
C36: 4250 . Developer Income | G36: =Q36/12 -> 0 | M36: =G36*12 -> 0 | O36: =SUM(K36-M36) -> 0 | S36: 4000 | T36: 4000
C37: 4300 - Salary-BWHC | G37: 0 | I37: 0 | M37: =G37*12 -> 0 | O37: 0 | Q37: 0 | S37: 31343.29 | T37: 22438
C38: 4305 - Reimb H/BP Limited | E38: 22782.23 | G38: =Q38/12 -> 15880 | I38: =E38-G38 -> 6902.23 | K38: 289468.96 | M38: =G38*12 -> 190560 | O38: =SUM(K38-M38) -> 98908.96 | Q38: =190560 -> 190560 | S38: 1200 | T38: 800 | U38: Reimbursement between H/BP, PPP loan forgiveness granted November 2021
C39: 4310 - Laundry Income | E39: 225.18 | G39: =Q39/12 -> 108.33333 | I39: =E39-G39 -> 116.84667 | K39: 1673.82 | M39: =G39*12 -> 1300 | O39: =SUM(K39-M39) -> 373.82 | Q39: 1300 | S39: 800 | T39: 50
C40: 4330 · Bank Interest | G40: =Q40/12 -> 537.5 | I40: =E40-G40 -> -537.5 | K40: 8623.9 | M40: =G40*12 -> 6450 | O40: =SUM(K40-M40) -> 2173.9 | Q40: 6450 | S40: 800 | T40: 50
C41: 4500 · Boiler Building Rent | E41: 2566 | G41: =Q41/12 -> 2566 | I41: =E41-G41 -> 0 | K41: =2566*12 -> 30792 | M41: =G41*12 -> 30792 | O41: =SUM(K41-M41) -> 0 | Q41: 30792 | S41: =SUM(S35:S40) -> 124262.29 | T41: =SUM(T35:T40) -> 31208.89
B42: Fundraising: | D42: Total Other Income | E42: =SUM(E35:E41) -> 25573.41 | G42: =SUM(G35:G41) -> 19091.833 | H42: =SUM(H35:H41) -> 0 | I42: =E42-G42 -> 6481.5767 | J42: =SUM(J35:J41) -> 0 | K42: =SUM(K35:K41) -> 330558.68 | L42: =SUM(L36:L41) -> 0 | M42: =SUM(M35:M41) -> 229102 | N42: =SUM(N36:N41) -> 0 | O42: =SUM(K42-M42) -> 101456.68 | P42: =SUM(P36:P41) -> 0 | Q42: =SUM(Q35:Q41) -> 359102
C44: 4500 · 25th Anniversary Fundraiser | E44: 0 | G44: =Q44/12 -> 0 | M44: =G44*12 -> 0 | O44: =SUM(K44-M44) -> 0 | Q44: 0 | S44: 455 | T44: 75
C45: 4460 · 3rd Party Events | E45: 0 | G45: =Q45/12 -> 1250 | I45: =E45-G45 -> -1250 | K45: 1080.94 | M45: =G45*12 -> 15000 | O45: =SUM(K45-M45) -> -13919.06 | Q45: 15000 | S45: 455 | T45: 75
C46: 4510 · Wine Bag Sales | G46: =Q46/12 -> 0 | I46: =E46-G46 -> 0 | M46: =G46*12 -> 0 | O46: =SUM(K46-M46) -> 0 | Q46: 0 | S46: 53846 | T46: 58000
C47: 4600 · Wine & Food | E47: 0 | G47: =Q47/12 -> 4583.3333 | I47: =E47-G47 -> -4583.3333 | K47: =103787.65-10147.58 -> 93640.07 | M47: 55000 | O47: =SUM(K47-M47) -> 38640.07 | Q47: 55000 | S47: 36525 | T47: 54000
C48: 4700 · Golf | E48: =100+9009.73+11309.85 -> 20419.58 | G48: =Q48/12 -> 4166.6667 | I48: =E48-G48 -> 16252.913 | K48: 53415 | M48: =G48*12 -> 50000 | O48: =SUM(K48-M48) -> 3415 | Q48: 50000 | S48: 35229 | T48: 29000
C49: 4800 · Purses With Purpose | G49: =Q49/12 -> 4166.6667 | I49: =E49-G49 -> -4166.6667 | K49: =86184.97-19565 -> 66619.97 | M49: 50000 | O49: =SUM(K49-M49) -> 16619.97 | Q49: 50000 | S49: 19000 | T49: 15000 | U49: Edward Dunlap Foundation booked in February 2022 ($8500) - offsets LeMont cost
C50: 4910 · Hops for HEARTH | G50: =Q50/12 -> 2416.6667 | I50: =E50-G50 -> -2416.6667 | K50: =6715-9395.48 -> -2680.48 | M50: =G50*12 -> 29000 | O50: =SUM(K50-M50) -> -31680.48 | Q50: 29000 | T50: 845
C51: 4960 · Christmas Trees Holiday Fund | G51: =Q51/12 -> 0 | I51: =E51-G51 -> 0 | M51: =G51*12 -> 0 | O51: =SUM(K51-M51) -> 0 | S51: 975 | T51: 1633
C52: 4940 Associate Board Fundraiser | G52: =Q52/12 -> 16.666667 | K52: 117.26 | M52: =G52*12 -> 200 | O52: =SUM(K52-M52) -> -82.74 | Q52: 200 | S52: =SUM(S45:S51) -> 146030 | T52: =SUM(T45:T51) -> 158553
B53: Program Fees: | D53: Total Fundraising | E53: =SUM(E44:E52) -> 20419.58 | G53: =SUM(G44:G52) -> 16600 | H53: =SUM(H46:H50) -> 0 | I53: =E53-G53 -> 3819.58 | J53: =SUM(J46:J50) -> 0 | K53: =SUM(K44:K52) -> 212192.76 | L53: =SUM(L46:L50) -> 0 | M53: =SUM(M44:M52) -> 199200 | N53: =SUM(N46:N50) -> 0 | O53: =SUM(K53-M53) -> 12992.76 | P53: =SUM(P46:P50) -> 0 | Q53: =SUM(Q44:Q52) -> 199200
S54: 33000 | T54: 25000
B55: Total Income | C55: 4950 · Program Fees | E55: 6533.7 | G55: =Q55/12 -> 2000 | I55: =E55-G55 -> 4533.7 | K55: 42461.84 | M55: =G55*12 -> 24000 | O55: =SUM(K55-M55) -> 18461.84 | Q55: 24000 | S55: =SUM(S20+S27+S32+S41+S52+S54) -> 1034532.3 | T55: =SUM(T20+T27+T32+T41+T52+T54) -> 917241.89
E56: =SUM(E20+E28+E33+E42+E53+E55) -> 86675.22 | G56: =SUM(G20+G28+G33+G42+G53+G55) -> 89596 | H56: =SUM(H20+H28+H33+H42+H53+H55) -> 0 | I56: =E56-G56 -> -2920.78 | J56: =SUM(J20+J28+J33+J42+J53+J55) -> 0 | K56: =SUM(K20+K28+K33+K42+K53+K55) -> 1437683.2 | L56: =SUM(L20+L28+L33+L42+L53+L55) -> 0 | M56: =SUM(M20+M28+M33+M42+M53+M55) -> 1000152 | N56: =SUM(N20+N28+N33+N42+N53+N55) -> 0 | O56: =SUM(K56-M56) -> 437531.22 | P56: =SUM(P20+P28+P33+P42+P53+P55) -> 0 | Q56: =SUM(Q20+Q28+Q33+Q42+Q53+Q55) -> 1130152
B57: Expense
B58: Administrative
S59: 3000 | T59: 1200
C60: 7010 · Board Development | E60: 74.82 | G60: =Q60/12 -> 416.66667 | I60: =E60-G60 -> -341.84667 | K60: 575.01 | M60: =G60*12 -> 5000 | O60: =SUM(K60-M60) -> -4424.99 | Q60: 5000 | S60: 1000 | T60: 1000
C61: 7015 · D&O Insurance | E61: 854 | G61: =Q61/12 -> 79.166667 | I61: =E61-G61 -> 774.83333 | K61: 2386.2 | M61: =G61*12 -> 950 | O61: =SUM(K61-M61) -> 1436.2 | Q61: 950 | S61: 3200 | T61: 2000
C62: 7020 · Donor/Volunteer Relations | E62: 596.94 | G62: =Q62/12 -> 258.33333 | I62: =E62-G62 -> 338.60667 | K62: 1646.94 | M62: =G62*12 -> 3100 | O62: =SUM(K62-M62) -> -1453.06 | Q62: 3100 | S62: 2200 | T62: 500
C63: 7025 · Memberships/Educ. Material | E63: 0 | G63: =Q63/12 -> 250 | I63: =E63-G63 -> -250 | K63: 476.89 | M63: =G63*12 -> 3000 | O63: =SUM(K63-M63) -> -2523.11 | Q63: 3000 | S63: 1500 | T63: 800
C64: 7030 · Equipment Maint/Repair | E64: 3150.75 | G64: =Q64/12 -> 166.66667 | I64: =E64-G64 -> 2984.0833 | K64: 14604.5 | M64: =G64*12 -> 2000 | O64: =SUM(K64-M64) -> 12604.5 | Q64: 2000 | S64: 500 | T64: 160 | U64: HVAC repair, 3rd floor hallway, unit 305
C65: 7035 · Internet | E65: 66.06 | G65: =Q65/12 -> 62.5 | I65: =E65-G65 -> 3.56 | K65: 900.02 | M65: =G65*12 -> 750 | O65: =SUM(K65-M65) -> 150.02 | Q65: 750
A66: * | C66: 7040 · Financial Development | E66: 385.71 | G66: =Q66/12 -> 258.33333 | I66: =E66-G66 -> 127.37667 | K66: 2196.85 | M66: =G66*12 -> 3100 | O66: =SUM(K66-M66) -> -903.15 | Q66: 3100 | S66: 2000 | T66: 4100
C67: 7045 · Office Equipment | G67: =Q67/12 -> 391.66667 | I67: =E67-G67 -> -391.66667 | K67: 1798.38 | M67: =G67*12 -> 4700 | O67: =SUM(K67-M67) -> -2901.62 | Q67: 4700 | S67: 4000 | T67: 4100
C68: 7050 · Office Supplies | E68: 551.56 | G68: =Q68/12 -> 333.33333 | I68: =E68-G68 -> 218.22667 | K68: 7905.13 | M68: =G68*12 -> 4000 | O68: =SUM(K68-M68) -> 3905.13 | Q68: 4000 | S68: 5600 | T68: 3567
C69: 7055 · Phones | E69: 102.3 | G69: =Q69/12 -> 500 | I69: =E69-G69 -> -397.7 | K69: 7912.01 | M69: =G69*12 -> 6000 | O69: =SUM(K69-M69) -> 1912.01 | Q69: 6000 | S69: 1500 | T69: 2100
C70: 7060 · Postage/Delivery | G70: =Q70/12 -> 208.33333 | I70: =E70-G70 -> -208.33333 | K70: 1812.46 | M70: =G70*12 -> 2500 | O70: =SUM(K70-M70) -> -687.54 | Q70: 2500 | S70: 3000 | T70: 3500
C71: 7065 · Printing/Copying | E71: 267.82 | G71: =Q71/12 -> 150 | I71: =E71-G71 -> 117.82 | K71: 800.65 | M71: =G71*12 -> 1800 | O71: =SUM(K71-M71) -> -999.35 | Q71: 1800 | T71: 0
C72: 7070 - Bad Debt Expense | G72: =Q72/12 -> 0 | I72: =E72-G72 -> 0 | M72: =G72*12 -> 0 | O72: =SUM(K72-M72) -> 0 | S72: 3000 | T72: 3200
C73: 7075 · Software Maintenance/Support | E73: 370.19 | G73: =Q73/12 -> 535 | I73: =E73-G73 -> -164.81 | K73: 9419.24 | M73: =G73*12 -> 6420 | O73: =SUM(K73-M73) -> 2999.24 | Q73: 6420 | S73: 4000 | T73: 4000 | U73: YTD includes purchase of donation hardware and support (DipJar)
C74: 7080 · Staff Recoginition | E74: 179.65 | G74: =Q74/12 -> 416.66667 | I74: =E74-G74 -> -237.01667 | K74: 8002.74 | M74: =G74*12 -> 5000 | O74: =SUM(K74-M74) -> 3002.74 | Q74: 5000 | S74: 1000 | T74: 1500
A75: * | C75: 7085 · Staff Recruitment | E75: 15.33 | G75: =Q75/12 -> 416.66667 | I75: =E75-G75 -> -401.33667 | K75: 3895.64 | M75: =G75*12 -> 5000 | O75: =SUM(K75-M75) -> -1104.36 | Q75: 5000 | S75: 2500 | T75: 3700
C76: 7090 · Technical Support | E76: =2050+680 -> 2730 | G76: =Q76/12 -> 325 | I76: =E76-G76 -> 2405 | K76: 8306.84 | M76: =Q76 -> 3900 | O76: =SUM(K76-M76) -> 4406.84 | Q76: 3900 | S76: 1600 | T76: 1300
B77: Total Admin | C77: 7095 · Website Maintenance | G77: =Q77/12 -> 83.333333 | M77: =G77*12 -> 1000 | O77: =SUM(K77-M77) -> -1000 | Q77: 1000 | S77: =SUM(S59:S76) -> 39600 | T77: =SUM(T59:T76) -> 36727
E78: =SUM(E60:E77) -> 9345.13 | G78: =SUM(G60:G77) -> 4851.6667 | I78: =E78-G78 -> 4493.4633 | K78: =SUM(K60:K77) -> 72639.5 | M78: =SUM(M60:M77) -> 58220 | O78: =SUM(K78-M78) -> 14419.5 | Q78: =SUM(Q60:Q77) -> 58220
B79: Operating
A80: * | S80: 15000 | T80: 17500
C81: 7110 · Audit Fees | G81: =Q81/12 -> 1625 | I81: =E81-G81 -> -1625 | K81: 17150 | M81: =G81*12 -> 19500 | O81: =SUM(K81-M81) -> -2350 | Q81: 19500 | S81: 3500 | T81: 2500 | U81: Z&A audit
C82: 7120 - Legal Fees | G82: =Q82/12 -> 20.833333 | I82: =E82-G82 -> -20.833333 | K82: 21078 | M82: =G82*12 -> 250 | O82: =SUM(K82-M82) -> 20828 | Q82: 250 | S82: 250 | T82: 250
C83: 7140 · Charitable Registration | E83: 290 | G83: =Q83/12 -> 20.833333 | I83: =E83-G83 -> 269.16667 | K83: 290 | M83: =G83*12 -> 250 | O83: =SUM(K83-M83) -> 40 | Q83: 250 | S83: 100 | T83: 300
A84: * | C84: 7160 · Misc. Expense | E84: 0 | G84: =Q84/12 -> 12.5 | I84: =E84-G84 -> -12.5 | K84: -139.69 | M84: =G84*12 -> 150 | O84: =SUM(K84-M84) -> -289.69 | Q84: 150 | S84: 3500 | T84: 3500
C85: 7170 · Payroll Service | E85: 196 | G85: =Q85/12 -> 391.66667 | I85: =E85-G85 -> -195.66667 | K85: 2439.66 | M85: =G85*12 -> 4700 | O85: =SUM(K85-M85) -> -2260.34 | Q85: 4700 | S85: 100 | T85: 100
C86: 7180 · Pension Administration | G86: =Q86/12 -> 0 | I86: =E86-G86 -> 0 | K86: 0 | M86: =G86*12 -> 0 | O86: =SUM(K86-M86) -> 0 | Q86: 0 | S86: 3000 | T86: 1000
C87: 7190 · Staff Conference/Seminar | E87: 575.59 | G87: =Q87/12 -> 291.66667 | I87: =E87-G87 -> 283.92333 | K87: 5211.1 | M87: =G87*12 -> 3500 | O87: =SUM(K87-M87) -> 1711.1 | Q87: 3500 | S87: =SUM(S80:S86) -> 25450 | T87: =SUM(T80:T86) -> 25150
B88: Total Operating | E88: =SUM(E81:E87) -> 1061.59 | G88: =SUM(G81:G87) -> 2362.5 | I88: =SUM(I81:I87) -> -1300.91 | K88: =SUM(K81:K87) -> 46029.07 | M88: =SUM(M81:M87) -> 28350 | O88: =SUM(K88-M88) -> 17679.07 | Q88: =SUM(Q81:Q87) -> 28350
B89: Building
A90: * | B90: + | S90: 2000 | T90: 4000
A91: * | B91: + | C91: 7210 · Apartment Cleaning Services | G91: =Q91/12 -> 416.66667 | I91: =E91-G91 -> -416.66667 | K91: 4390 | M91: =G91*12 -> 5000 | O91: =SUM(K91-M91) -> -610 | Q91: 5000 | S91: 20000 | T91: 15000
A92: * | B92: + | C92: 7212 · Real Estate Tax | E92: 1489 | G92: =Q92/12 -> 1480.75 | I92: =E92-G92 -> 8.25 | K92: 26283.36 | M92: =G92*12 -> 17769 | O92: =SUM(K92-M92) -> 8514.36 | Q92: 17769 | S92: 12000 | T92: 14000
A93: * | B93: + | C93: 7215 · Building Insurance | E93: 1730.62 | G93: =Q93/12 -> 1291.6667 | I93: =E93-G93 -> 438.95333 | K93: 22697.71 | M93: =G93*12 -> 15500 | O93: =SUM(K93-M93) -> 7197.71 | Q93: 15500 | S93: 33000
A94: * | B94: + | C94: 7217 · Building Reserve | E94: 1055 | G94: 2110 | I94: =E94-G94 -> -1055 | K94: 16694 | M94: =G94*12 -> 25320 | O94: =SUM(K94-M94) -> -8626 | Q94: 25320 | S94: 7400 | T94: 6955
A95: * | B95: + | C95: 7220 · Cleaning Service | E95: 320 | G95: =Q95/12 -> 1333.3333 | I95: =E95-G95 -> -1013.3333 | K95: 6315 | M95: =G95*12 -> 16000 | O95: =SUM(K95-M95) -> -9685 | Q95: 16000 | S95: 1000 | T95: 2000
A96: * | B96: + | C96: 7225 · Cleaning Supplies | G96: =Q96/12 -> 66.666667 | I96: =E96-G96 -> -66.666667 | K96: 335.42 | M96: =G96*12 -> 800 | O96: =SUM(K96-M96) -> -464.58 | Q96: 800 | S96: 16500 | T96: 19200
A97: * | B97: + | C97: 7230 · Electricity | E97: 1108.15 | G97: =Q97/12 -> 1354.1667 | I97: =E97-G97 -> -246.01667 | K97: 19464.29 | M97: =G97*12 -> 16250 | O97: =SUM(K97-M97) -> 3214.29 | Q97: 16250 | S97: 1500 | T97: 1420
A98: * | B98: + | C98: 7235 · Exterminating | E98: 81 | G98: =Q98/12 -> 125 | I98: =E98-G98 -> -44 | K98: 896.22 | M98: =G98*12 -> 1500 | O98: =SUM(K98-M98) -> -603.78 | Q98: 1500 | S98: 22500 | T98: 5000
A99: * | B99: + | C99: 7245 · Maintenance Labor | E99: 180 | G99: =Q99/12 -> 2099.5 | I99: =E99-G99 -> -1919.5 | K99: 11413.39 | M99: =G99*12 -> 25194 | O99: =SUM(K99-M99) -> -13780.61 | Q99: 25194 | S99: 25000 | T99: 14000
A100: * | B100: + | C100: 7246 · Grounds | G100: =Q100/12 -> 1416.6667 | I100: =E100-G100 -> -1416.6667 | K100: 19545.21 | M100: =G100*12 -> 17000 | O100: =SUM(K100-M100) -> 2545.21 | Q100: 17000 | S100: 20000 | T100: 10000
A101: * | B101: + | C101: 7247 · Snow Removal | G101: =Q101/12 -> 1666.6667 | I101: =E101-G101 -> -1666.6667 | K101: 16475 | M101: 20000 | O101: =SUM(K101-M101) -> -3525 | Q101: 20000 | S101: 26000 | T101: 1869
A102: * | B102: + | C102: 7250 · Maintenance Supplies & outside contractors | E102: 312.76 | G102: =Q102/12 -> 3327 | I102: =E102-G102 -> -3014.24 | K102: 41725.84 | M102: =G102*12 -> 39924 | O102: =SUM(K102-M102) -> 1801.84 | Q102: 39924 | S102: 7000 | T102: 14400
C103: 7255 · Natural Gas | E103: 341.89 | G103: =Q103/12 -> 708.33333 | I103: =E103-G103 -> -366.44333 | K103: 9321.89 | M103: =G103*12 -> 8500 | O103: =SUM(K103-M103) -> 821.89 | Q103: 8500 | S103: 62700 | T103: 62754
...

Sheet Development
A2: HEARTH Treasurer's Report - Detail | G2: Month | M2: Year-to-date | Q2: 2021-2022 | S2: 2014-2015 | T2: 2013-2014
E3: June 22 Actual | G3: June 22 Budget | I3: Over/(Under) Budget | K3: June 22 YTD Actual | M3: June 22 YTD Budget | O3: Over/(Under) Budget | Q3: BUDGET | S3: Projected | T3: Stretch Forecast | U3: NOTES
A4: Development Dept
A6: Income
A8: 4001 · Individual | E8: =Detail!E6 -> 7042.36 | G8: =Detail!G6 -> 10416.667 | I8: =Detail!I6 -> -3374.3067 | K8: =Detail!K6 -> 138884 | M8: =Detail!M6 -> 125000 | O8: =Detail!O6 -> 13884 | Q8: =Detail!Q6 -> 125000
A9: 4005 · End of Year Appeal (EOY) | E9: =Detail!E7 -> 0 | G9: =Detail!G7 -> 5833.3333 | I9: =Detail!I7 -> -5833.3333 | K9: =Detail!K7 -> 73700.16 | M9: =Detail!M7 -> 70000 | O9: =Detail!O7 -> 3700.16 | Q9: =Detail!Q7 -> 70000
A10: 4007 ·Spring Appeal | E10: =Detail!E8 -> 0 | G10: =Detail!G8 -> 7500 | I10: =Detail!I8 -> -7500 | K10: =Detail!K8 -> 7307.88 | M10: =Detail!M8 -> 15000 | O10: =Detail!O8 -> -7692.12 | Q10: =Detail!Q8 -> 15000
A11: 4008 ·Community Appeal | E11: =Detail!E9 -> 0 | G11: =Detail!G9 -> 2083.3333 | I11: =Detail!I9 -> -2083.3333 | K11: =Detail!K9 -> 0 | M11: =Detail!M9 -> 25000 | O11: =Detail!O9 -> -25000 | Q11: =Detail!Q9 -> 25000
A12: 4070 · United Way | E12: =Detail!E10 -> 1125.17 | G12: =Detail!G10 -> 1083.3333 | I12: =Detail!I10 -> 41.836667 | K12: =Detail!K10 -> 15727.76 | M12: =Detail!M10 -> 13000 | O12: =Detail!O10 -> 2727.76 | Q12: =Detail!Q10 -> 13000
A14: Total Individuals Donations | E14: =Detail!E13 -> 8167.53 | G14: =Detail!G13 -> 26916.667 | I14: =Detail!I13 -> -18749.137 | K14: =Detail!K13 -> 235619.8 | M14: =Detail!M13 -> 248000 | O14: =Detail!O13 -> -12380.2 | Q14: =Detail!Q13 -> 248000
A16: 4010 · Businesses | E16: =Detail!E14 -> 250 | G16: =Detail!G14 -> 2083.3333 | I16: =Detail!I14 -> -1833.3333 | K16: =Detail!K14 -> 29056.83 | M16: =Detail!M14 -> 25000 | O16: =Detail!O14 -> 4056.83 | Q16: =Detail!Q14 -> 25000
A17: 4020 · Foundations | E17: =Detail!E15 -> 12079 | G17: =Detail!G15 -> 17500 | I17: =Detail!I15 -> -5421 | K17: =Detail!K15 -> 228143.04 | M17: =Detail!M15 -> 210000 | O17: =Detail!O15 -> 18143.04 | Q17: =Detail!Q15 -> 210000
A18: 4025 - Kennywood | E18: =Detail!E16 -> 0 | G18: =Detail!G16 -> 0 | I18: =Detail!I16 -> 0 | K18: =Detail!K16 -> 0 | M18: =Detail!M16 -> 0 | O18: =Detail!O16 -> 0 | Q18: =Detail!Q16 -> 0
A19: 4030 · Organizations | E19: =Detail!E17 -> 2884 | G19: =Detail!G17 -> 1125 | I19: =Detail!I17 -> 1759 | K19: =Detail!K17 -> 22474.27 | M19: =Detail!M17 -> 13500 | O19: =Detail!O17 -> 8974.27 | Q19: =Detail!Q17 -> 13500
A20: 4030 · Gift of Light & Warmth | E20: =Detail!#REF! -> #REF! | G20: =Detail!#REF! -> #REF! | I20: =Detail!#REF! -> #REF! | K20: =Detail!#REF! -> #REF! | M20: =Detail!#REF! -> #REF! | O20: =Detail!#REF! -> #REF! | Q20: =Detail!#REF! -> #REF!
A21: 4050 · Religious Organizations | E21: =Detail!E18 -> 0 | G21: =Detail!G18 -> 0 | I21: =Detail!I18 -> 0 | K21: =Detail!K18 -> 0 | M21: =Detail!M18 -> 0 | O21: =Detail!O18 -> 0 | Q21: =Detail!Q18 -> 0
A23: Total Donations | E23: =Detail!E20 -> 23380.53 | G23: =Detail!G20 -> 47625 | I23: =Detail!I20 -> -24244.47 | K23: =Detail!K20 -> 515293.94 | M23: =Detail!M20 -> 496500 | O23: =Detail!O20 -> 18793.94 | Q23: =Detail!Q20 -> 496500
A25: Grants:
A26: 4140 · State Grants | E26: =Detail!E27 -> 0 | G26: =Detail!G27 -> 4166.6667 | I26: =Detail!I27 -> -4166.6667 | K26: =Detail!K27 -> 200000 | M26: =Detail!M27 -> 50000 | O26: =Detail!O27 -> 150000 | Q26: =Detail!Q27 -> 50000
A27: Total Grants | E27: =Detail!E28 -> 10768 | G27: =Detail!G28 -> 4166.6667 | I27: =Detail!I28 -> 6601.3333 | K27: =Detail!K28 -> 337176 | M27: =Detail!M28 -> 50000 | O27: =Detail!O28 -> 287176 | Q27: =Detail!Q28 -> 50000
A29: Fundraising:
A30: 4500 · 25th Anniversary Fundraiser
A31: 4460 · 3rd Party Events | E31: =Detail!E45 -> 0 | G31: =Detail!G45 -> 1250 | I31: =Detail!I45 -> -1250 | K31: =Detail!K45 -> 1080.94 | M31: =Detail!M45 -> 15000 | O31: =Detail!O45 -> -13919.06 | Q31: =Detail!Q45 -> 15000
A32: 4510 · Wine Bag Sales | E32: =Detail!E46 -> 0 | G32: =Detail!G46 -> 0 | I32: =Detail!I46 -> 0 | K32: =Detail!K46 -> 0 | M32: =Detail!M46 -> 0 | O32: =Detail!O46 -> 0 | Q32: =Detail!Q46 -> 0
A33: 4600 · Wine & Food | E33: =Detail!E47 -> 0 | G33: =Detail!G47 -> 4583.3333 | I33: =Detail!I47 -> -4583.3333 | K33: =Detail!K47 -> 93640.07 | M33: =Detail!M47 -> 55000 | O33: =Detail!O47 -> 38640.07 | Q33: =Detail!Q47 -> 55000
A34: 4700 · Golf | E34: =Detail!E48 -> 20419.58 | G34: =Detail!G48 -> 4166.6667 | I34: =Detail!I48 -> 16252.913 | K34: =Detail!K48 -> 53415 | M34: =Detail!M48 -> 50000 | O34: =Detail!O48 -> 3415 | Q34: =Detail!Q48 -> 50000
A35: 4800 · Purses With Purpose | E35: =Detail!E49 -> 0 | G35: =Detail!G49 -> 4166.6667 | I35: =Detail!I49 -> -4166.6667 | K35: =Detail!K49 -> 66619.97 | M35: =Detail!M49 -> 50000 | O35: =Detail!O49 -> 16619.97 | Q35: =Detail!Q49 -> 50000
A36: 4910 · Hops for HEARTH | E36: =Detail!E50 -> 0 | G36: =Detail!G50 -> 2416.6667 | I36: =Detail!I50 -> -2416.6667 | K36: =Detail!K50 -> -2680.48 | M36: =Detail!M50 -> 29000 | O36: =Detail!O50 -> -31680.48 | Q36: =Detail!Q50 -> 29000
A37: 4960 · Christmas Trees Holiday Fund | E37: =Detail!E51 -> 0 | G37: =Detail!G51 -> 0 | I37: =Detail!I51 -> 0 | K37: =Detail!K51 -> 0 | M37: =Detail!M51 -> 0 | O37: =Detail!O51 -> 0 | Q37: =Detail!Q51 -> 0
A38: 4940 Associate Board Fundraiser | E38: =Detail!E52 -> 0 | G38: =Detail!G52 -> 16.666667 | I38: =Detail!I52 -> 0 | K38: =Detail!K52 -> 117.26 | M38: =Detail!M52 -> 200 | O38: =Detail!O52 -> -82.74 | Q38: =Detail!Q52 -> 200
A39: Total Fundraising | E39: =Detail!E53 -> 20419.58 | G39: =Detail!G53 -> 16600 | I39: =Detail!I53 -> 3819.58 | K39: =Detail!K53 -> 212192.76 | M39: =Detail!M53 -> 199200 | O39: =Detail!O53 -> 12992.76 | Q39: =Detail!Q53 -> 199200
A41: Cost of Goods Sold
A42: 4690 COS-Wine & Food | E42: 0 | G42: 0 | I42: =E42-G42 -> 0 | K42: 10147.58 | M42: 23000 | O42: =K42-M42 -> -12852.42 | Q42: 23000
A43: 4895 COS-Purses for Purpose | E43: 0 | G43: 0 | I43: =E43-G43 -> 0 | K43: 19565 | M43: 12500 | O43: =K43-M43 -> 7065 | Q43: 12500
A44: 4920 COS-Hops for HEARTH | E44: 0 | G44: 0 | I44: =E44-G44 -> 0 | K44: 9395.48 | M44: 11200 | O44: =K44-M44 -> -1804.52 | Q44: 11200
A45: Total Cost of Goods Sold | E45: =SUM(E42:E44) -> 0 | G45: =SUM(G42:G44) -> 0 | I45: =SUM(I42:I44) -> 0 | K45: =SUM(K42:K44) -> 39108.06 | M45: =SUM(M42:M44) -> 46700 | O45: =SUM(O42:O44) -> -7591.94 | Q45: =SUM(Q42:Q44) -> 46700
A47: Fundraising Expense:
A48: 7530 Fundraising | E48: 6179.62 | G48: 0 | I48: =E48-G48 -> 6179.62 | K48: 23154.76 | M48: 0 | O48: =K48-M48 -> 23154.76 | Q48: 0
A50: Total Development | E50: =E23+E27+E39-E45-E48 -> 48388.49 | G50: =G23+G27+G39-G45-G48 -> 68391.667 | I50: =I23+I27+I39-I45-I48 -> -20003.177 | K50: =K23+K27+K39-K45-K48 -> 1002399.9 | M50: =M23+M27+M39-M45-M48 -> 699000 | O50: =O23+O27+O39-O45-O48 -> 303399.88 | Q50: =Q23+Q27+Q39-Q45-Q48 -> 699000

Sheet Programming
A2: HEARTH Treasurer's Report - Detail | G2: Month | M2: Year-to-date | Q2: 2021-2022 | S2: 2014-2015 | T2: 2013-2014
E3: June 22 Actual | G3: June 22 Budget | I3: Over/(Under) Budget | K3: June 22 YTD Actual | M3: June 22 YTD Budget | O3: Over/(Under) Budget | Q3: BUDGET | S3: Projected | T3: Stretch Forecast | U3: NOTES
A4: Program Department
A7: 7303 · Apt Equip & Supplies | E7: =Detail!E119 -> 0 | G7: =Detail!G119 -> 166.66667 | I7: =Detail!I119 -> -166.66667 | K7: =Detail!K119 -> 1909.56 | M7: =Detail!M119 -> 2000 | O7: =Detail!O119 -> -90.44 | Q7: =Detail!Q119 -> 2000 | U7: =Detail!U118 -> 0
A8: 7309 · Clearances Act 33 & 34 | E8: =Detail!E122 -> 0 | G8: =Detail!G122 -> 83.333333 | I8: =Detail!I122 -> -83.333333 | K8: =Detail!K122 -> 170 | M8: =Detail!M122 -> 1000 | O8: =Detail!O122 -> -830 | Q8: =Detail!Q122 -> 1000
A9: 7315 · Client Expense-Unrestricted | E9: =Detail!E123 -> 500 | G9: =Detail!G123 -> 250 | I9: =Detail!I123 -> 250 | K9: =Detail!K123 -> 3507.25 | M9: =Detail!M123 -> 3000 | O9: =Detail!O123 -> 507.25 | Q9: =Detail!Q123 -> 3000
A10: 7318 · Client Education Expense | E10: =Detail!E124 -> 0 | G10: =Detail!G124 -> 83.333333 | I10: =Detail!I124 -> -83.333333 | K10: =Detail!K124 -> 463.8 | M10: =Detail!M124 -> 1000 | O10: =Detail!O124 -> -536.2 | Q10: =Detail!Q124 -> 1000
A11: 7319 · Child Care | E11: =Detail!E125 -> 0 | G11: =Detail!G125 -> 125 | I11: =Detail!I125 -> -125 | K11: =Detail!K125 -> 0 | M11: =Detail!M125 -> 1500 | O11: =Detail!O125 -> -1500 | Q11: =Detail!Q125 -> 1500
A12: 7323 · Drug Testing | E12: =Detail!E129 -> 0 | G12: =Detail!G129 -> 125 | I12: =Detail!I129 -> -125 | K12: =Detail!K129 -> 434.48 | M12: =Detail!M129 -> 1500 | O12: =Detail!O129 -> -1065.52 | Q12: =Detail!Q129 -> 1500
A13: 7327 · Equip Maintenance-Prog staff
A14: 7330 · Equipment-Prog staff | E14: =Detail!E131 -> 0 | G14: =Detail!G131 -> 41.666667 | I14: =Detail!I131 -> -41.666667 | K14: =Detail!K131 -> 505.96 | M14: =Detail!M131 -> 500 | O14: =Detail!O131 -> 5.96 | Q14: =Detail!Q131 -> 500
A15: 7333 · Food & Beverage Exp
A16: 7336 · Food & Perishables PP | E16: =Detail!E133 -> 0 | G16: =Detail!G133 -> 108.33333 | I16: =Detail!I133 -> -108.33333 | K16: =Detail!K133 -> 505.96 | M16: =Detail!M133 -> 1300 | O16: =Detail!O133 -> -794.04 | Q16: =Detail!Q133 -> 1300
A17: 7338 - HEARTH at BW exp
A18: 7345 · Internet-Program | E18: =Detail!E136 -> 91.2 | G18: =Detail!G136 -> 91.666667 | I18: =Detail!I136 -> -0.46666667 | K18: =Detail!K136 -> 1093.1 | M18: =Detail!M136 -> 1100 | O18: =Detail!O136 -> -6.9 | Q18: =Detail!Q136 -> 1100
A19: 7360 · Playground Maintenance Expense | E19: =Detail!E137 -> 0 | G19: =Detail!G137 -> 183.33333 | I19: =Detail!I137 -> -183.33333 | K19: =Detail!K137 -> 3145.21 | M19: =Detail!M137 -> 2200 | O19: =Detail!O137 -> 945.21 | Q19: =Detail!Q137 -> 2200
A20: 7350 · Life Skills | E20: =Detail!E138 -> 189.83 | G20: =Detail!G138 -> 500 | I20: =Detail!I138 -> 0 | K20: =Detail!K138 -> 339.83 | M20: =Detail!M138 -> 6000 | O20: =Detail!O138 -> -5660.17 | Q20: =Detail!Q138 -> 6000
A21: 7363 · Postage-Program | E21: =Detail!E139 -> 0 | G21: =Detail!G139 -> 125 | I21: =Detail!I139 -> -125 | K21: =Detail!K139 -> 568.83 | M21: =Detail!M139 -> 1500 | O21: =Detail!O139 -> -931.17 | Q21: =Detail!Q139 -> 1500
A22: 7360 - Playground Maintenance Expense
A23: 7366 · Printing/Copying-Program | E23: =Detail!E140 -> 89.27 | G23: =Detail!G140 -> 116.66667 | I23: =Detail!I140 -> -27.396667 | K23: =Detail!K140 -> 473.48 | M23: =Detail!M140 -> 1400 | O23: =Detail!O140 -> -926.52 | Q23: =Detail!Q140 -> 1400
A24: 7369 · Professional Liability Ins.
A25: 7373 · Program Outcome | E25: =Detail!E142 -> 70.99 | G25: =Detail!G142 -> 208.33333 | I25: =Detail!I142 -> -137.34333 | K25: =Detail!K142 -> 1466.12 | M25: =Detail!M142 -> 2500 | O25: =Detail!O142 -> -1033.88 | Q25: =Detail!Q142 -> 2500
A26: 7376 · Program Supplies - Unrestricted
